 Dungeon Crawl Stone Soup version 0.28-a0-643-g84cb2ea78e (webtiles) character file.

Game seed: 5746882938764330081

57 timneilson the Skirmisher (level 3, 0/29 HPs)
             Began as a Demonspawn Fighter on Oct 10, 2021.
             Slain by a sky beast (6 damage)
             ... on level 5 of the Dungeon.
             The game lasted 00:03:57 (1796 turns).

timneilson the Skirmisher (Demonspawn Fighter)      Turns: 1796, Time: 00:03:58

Health: 0/29       AC:  6    Str: 17    XL:     3   Next: 73%
Magic:  3/3        EV:  9    Int:  9    God:
Gold:   217        SH:  4    Dex: 12    Spells: 2/2 levels left

rFire   . . .      SeeInvis .   a - +0 long sword
rCold   . . .      Faith    .   c - +0 buckler
rNeg    . . .      Spirit   .   b - +0 scale mail
rPois   .          Reflect  .   (no helmet)
rElec   .          Harm     .   (no cloak)
rCorr   .          Rampage  .   (no gloves)
Will    .....                   (no boots)
Stlth   ..........              (no amulet)
HPRegen 0.09/turn               j - ring of flight
MPRegen 0.08/turn               (no ring)

@: mighty, flying
A: hooves 1, powered by death 1
a: no special abilities


You were on level 5 of the Dungeon.
You visited 1 branch of the dungeon, and saw 4 of its levels.

You collected 217 gold pieces.

Inventory:

Hand Weapons
 a - a +0 long sword (weapon)
Armour
 b - a +0 scale mail (worn)
 c - a +0 buckler (worn)
Jewellery
 j - a ring of flight (left hand)
Scrolls
 e - a scroll of fog
Potions
 d - a potion of might
 f - a potion of curing
 g - a potion of resistance {unknown}
 h - a potion of flight {unknown}
 i - a potion of heal wounds {unknown}


   Skills:
 + Level 3.3 Fighting
 * Level 2.3 Long Blades
 * Level 3.2 Armour
 + Level 0.5 Dodging
 * Level 3.1 Shields


You had 2 spell levels left.
You didn't know any spells.
Your spell library contained the following spells:

 Spells                   Type           Power      Damage    Failure   Level
 Gell's Gravitas          Tloc           0%         N/A       99%         3
 Teleport Other           Tloc           0%         N/A       99%         3
 Dispersal                Tloc           0%         N/A       100%        6


Dungeon Overview and Level Annotations

Branches:
Dungeon (3/15)

Altars:


Innate Abilities, Weirdness & Mutations

You have large cloven feet.
You regenerate a little health from kills.


Message History

There is a stone staircase leading down here.
You fly downwards.
You hear the sound of rushing water.
There is an entrance to a sewer on this level.
Hurry and find it before the portal rusts away!
There is a stone staircase leading up here.
Okay, then.
Found a scroll labelled ZATZIM JUSK.
k - a scroll labelled ZATZIM JUSK
As you read the scroll labelled ZATZIM JUSK, it crumbles to dust.
Magic quickly surges around you.
It was a scroll of vulnerability.
Found a stone staircase leading down.
Found 12 gold pieces.
You now have 217 gold pieces (gained 12).
You hear the slow rusting of a drain nearby.
You feel your willpower return.
A giant cockroach comes into view.
You block the giant cockroach's attack.
You slash the giant cockroach!
You kill the giant cockroach!
You are sucked into a shaft and drop 2 floors!
The shaft crumbles and collapses.
Found 2 large rocks.
A sky beast comes into view.
You feel very mighty all of a sudden. The sky beast hits you.
The sky beast shocks you.
You hit the sky beast.
The sky beast is lightly wounded.
The sky beast barely misses you.
The sky beast flickers out of sight!
Deactivating autopickup; reactivate with Ctrl-A.
Something hits you but does no damage.
You barely miss something. Something hits you but does no damage.
You miss something. Something hits you. Something shocks you.
You miss something. Your kick misses something. Something hits you.
Something shocks you. Something hits you but does no damage.
You barely miss something. You block something's attack.
You hit something. Your kick misses something. You block something's attack.
You closely miss something. You kick something. Something hits you.
* * * LOW HITPOINT WARNING * * *
Something shocks you.
You die...

######## .......#
########### .#####.#
#....@{...#
.....#.#####.#####......#
.###.#.......# .#.##.#
..# ######### .# # #.# ..
.. .# ... .. ...# .. ..#


There were no monsters in sight!

Vanquished Creatures
  An adder (D:2)
  A worm (D:2)
  A dart slug (D:1)
  5 bats
  2 endoplasms
  3 giant cockroaches
  4 goblins
  6 hobgoblins
  5 kobolds
  2 quokkas
  3 ball pythons (D:2)
  3 frilled lizards
  A quokka skeleton (D:2)
  2 rats
39 creatures vanquished.

Vanquished Creatures (others)
  A fungus (D:2)
  2 toadstools (D:2)
3 creatures vanquished.

Grand Total: 42 creatures vanquished

Notes
Turn   | Place    | Note
-------+----------+-------------------------------------------
     0 | D:1      | timneilson the Demonspawn Fighter began the quest for the
                  | Orb.
     0 | D:1      | Reached XP level 1. HP: 18/18 MP: 1/1
   532 | D:1      | Gained mutation: You regenerate a little health from kills.
                  | [demonic ancestry]
   532 | D:1      | Reached XP level 2. HP: 24/24 MP: 2/2
  1243 | D:2      | Gained mutation: You have large cloven feet. [demonic
                  | ancestry]
  1243 | D:2      | Reached XP level 3. HP: 14/29 MP: 3/3
  1764 | D:3      | You are sucked into a shaft and drop 2 floors!
  1764 | D:5      | Entered Level 5 of the Dungeon
  1782 | D:5      | Noticed a sky beast
  1796 | D:5      | Slain by a sky beast

Illustrated notes

Levels and vault maps discovered:
D:1:      elethiomel_arrival_infinity_welcomes_careful_drivers,
          layout_loops_corners
D:2:      minmay_recursive_quarters, layout_loops_ring, minmay_gold_behind_fungi
D:3:      layout_loops_ring, portal_sewer_entry_a, uniq_ijyb
D:5:      layout_loops_cross, nicolae_shop_sticking_my_neck_out, uniq_edmund

Skill      XL: |  1  2 |
---------------+-------+-----
Long Blades    | 2 |  2.3
Armour         | 3 |  3.2
Shields        | 3 |  3.1
Fighting       | |  3.3
Dodging        | |  0.5

Action                   || total
-------------------------++-------
Melee: Long sword        ||   130
       Kick              ||     9
  Use: Scroll            ||     3
       Potion            ||     2
Armor: Scale mail        ||    98
Dodge: Dodged            ||    73
Block: Buckler           ||    44

Table legend: (Time is in decaauts)
 A = Elapsed time spent in this place.
 B = Non-inter-level travel time spent in this place.
 C = Inter-level travel time spent in this place.
 D = Time resting spent in this place.
 E = Time spent auto-exploring this place.
 F = Levels seen in this place.
 G = Mean time per level.
                   A        B        C        D        E       F      G
               +--------+--------+--------+--------+--------+-----+--------+
         Total |   1835 |   1811 |     24 |      0 |   1281 |   4 |  458.8 |
       Dungeon |   1835 |   1811 |     24 |      0 |   1281 |   4 |  458.8 |
               +--------+--------+--------+--------+--------+-----+--------+

Top non-repeatable levels by time:
     D:1: 917 daAuts
     D:2: 799 daAuts
     D:3: 84 daAuts
     D:5: 33 daAuts
